 Dungeon Crawl Stone Soup version 0.19-a0-975-gfff5315 (webtiles) character file.

27 4thArraOfDagon the Ruffian (level 2, 0/29 HPs)
             Began as a Troll Abyssal Knight on July 13, 2016.
             Was a Follower of Lugonu.
             Slain by an adder (5 damage)
             ... on level 3 of the Dungeon.
             The game lasted 00:01:26 (379 turns).

4thArraOfDagon the Ruffian (Troll Abyssal Knight)    Turns: 379, Time: 00:01:27

Health: 0/29       AC:  3    Str: 19    XL:     2   Next: 93%
Magic:  2/2        EV: 10    Int: 13    God:    Lugonu [*.....]
Gold:   12         SH:  0    Dex:  9    Spells: 0 memorised, 1 level left

rFire  . . .     SeeInvis .       - Unarmed
rCold  . . .     Gourm    +     a - +0 robe
rNeg   . . .     Faith    .     (no shield)
rPois  .         Spirit   .     (helmet restricted)
rElec  .         Dismiss  .     (no cloak)
rCorr  .         Reflect  .     (gloves unavailable)
SustAt .         Harm     .     (boots unavailable)
MR     .....                    (no amulet)
Stlth  +.........               (no ring)
                                d - -2 ring of protection (curse)

@: brilliant, lethally poisoned (0 -> 0), not resistant to hostile enchantments,
very unstealthy
A: unfitting armour, claws 3, fast metabolism 3, gourmand, regeneration 2,
shaggy fur 1, tough skin 2
a: Depart the Abyss, Renounce Religion


You were on level 3 of the Dungeon.
You worshipped Lugonu.
Lugonu was aware of your devotion.
You were very full.

You visited 1 branch of the dungeon, and saw 3 of its levels.
You visited the Abyss 1 time.

You collected 12 gold pieces.

Inventory:

Armour
 a - a +0 robe (worn)
Jewellery
 d - a cursed -2 ring of protection (left claw)
Scrolls
 c - a scroll of recharging {unknown}
 e - a scroll of random uselessness {unknown}
 f - a scroll of identify {unknown}
 h - a scroll of fog {unknown}
Comestibles
 b - 3 bread rations


   Skills:
 + Level 2.5 Fighting
 - Level 2.0 Dodging
 * Level 3.0 Unarmed Combat
 + Level 1.9 Invocations


You had one spell level left.
You didn't know any spells.

Dungeon Overview and Level Annotations

Branches:
Dungeon (3/15)

Altars:


Innate Abilities, Weirdness & Mutations

You are too large for most types of armour.
You have claws for hands.
Your metabolism is lightning-fast.
You like to eat raw meat.
You heal very quickly.
You are covered in fur. (AC +1)
You have very tough skin. (AC +2)


Message History

The adder closely misses you.
You closely miss the adder.
You feel sick.
The adder bites you but does no damage. x2
You barely miss the adder. The adder barely misses you.
You scratch the adder.
The adder is moderately wounded.
You feel sick. The adder bites you.
* * * LOW HITPOINT WARNING * * *
You are too injured to fight recklessly!
You are too injured to fight recklessly!
You are too injured to fight recklessly!
You are too injured to fight recklessly!
It was a potion of brilliance.
You feel clever all of a sudden. The adder bites you.
* * * LOW HITPOINT WARNING * * *
You scratch the adder.
The adder is heavily wounded.
You feel sick. The adder bites you.
You die...

#### ...##
#..# # #@#
♣.♣# ##♣S♣
#...###...#
#.......##
##..<..##
##♣.♣## ###


You could see an adder.

Vanquished Creatures
  An adder (D:3)
  A worm (D:2)
  A ball python (D:1)
  A giant cockroach (D:2)
  2 hobgoblins
  2 jackals (D:1)
  5 bats
  2 kobolds (D:2)
15 creatures vanquished.

Vanquished Creatures (others)
  A troll (D:2)
1 creature vanquished.

Grand Total: 16 creatures vanquished

Notes
Turn   | Place    | Note
-------+----------+-------------------------------------------
     0 | Abyss:1  | 4thArraOfDagon the Troll Abyssal Knight began the quest for the Orb.
     0 | Abyss:1  | Reached XP level 1. HP: 22/22 MP: 1/1
    35 | Abyss:1  | Noticed a smoke demon
    38 | D:1      | Escaped the Abyss
   156 | D:1      | Reached * piety under Lugonu
   178 | D:1      | Reached XP level 2. HP: 23/29 MP: 2/2
   212 | D:2      | Killed a troll
   372 | D:3      | Reached skill level 3 in Unarmed Combat
   379 | D:3      | Slain by an adder

Vault maps used:
D:1:      lightli_arrival_farm, glass_columns_a
D:2:      gammafunk_pakellas_statue_experiment
D:3:      gup_sewer_entry_glass, first_bread, grunt_ministairs_8

Skill      XL: |  1  2 |
---------------+-------+-----
Dodging        | 2 |  2.0
Unarmed Combat | 3 |  3.0
Fighting       | |  2.5
Invocations    | |  1.9

Action                   || total
-------------------------++-------
Melee: Unarmed           ||    61
Invok: Depart the Abyss  ||     1
  Use: Potion            ||     1
  Eat: Chunk             ||     7
Armor: Robe              ||    33
Dodge: Dodged            ||    43
